 Dungeon Crawl Stone Soup version 0.31-a0-963-ga325b2283a (webtiles) character file.

Game seed: 13470424198325600211

796 sircluck the Ruffian (level 7, -2/67 HPs)
             Began as a Troll Berserker on Oct 25, 2023.
             Was a Priest of Trog.
             Slain by a gnoll
             ... wielding a +0 halberd
             ... led by a gnoll bouda
              (8 damage)
             ... on level 5 of the Dungeon.
             The game lasted 00:03:56 (2794 turns).

sircluck the Ruffian (Troll Berserker)              Turns: 2794, Time: 00:03:57

Health: -2/67      AC:  6    Str: 28    XL:     7   Next: 58%
Magic:  6/6        EV: 10    Int:  3    God:    Trog [***...]
Gold:   203        SH:  0    Dex:  9    Spells: 6/6 levels left

rFire   . .          .
                       - Unarmed
rCold   . . .        (no shield)
rNeg    . . .        a - +0 animal skin
rPois   .            (helmet restricted)
rElec   .            e - +1 cloak
rCorr   .            (gloves unavailable)
SInv    .            (boots unavailable)
Will    .....        (no amulet)
Stlth   +            (no ring)
HPRegen 1.11/turn    (no ring)
MPRegen 0.10/turn

%: no passive effects
@: no status effects
A: large, unfitting armour, claws 3, regeneration 1, shaggy fur 1, tough skin 1
a: Renounce Religion, Berserk, Trog's Hand


You were on level 5 of the Dungeon.
You worshipped Trog.
Trog was most pleased with you.
You visited 1 branch of the dungeon, and saw 5 of its levels.

You collected 203 gold pieces.

Inventory:

Armour
 a - a +0 animal skin (worn)
 e - a +1 cloak (worn)
Jewellery
 c - a ring of fire
 i - a ring of fire
Wands
 l - a wand of paralysis (11)
Scrolls
 b - 2 scrolls of blinking {unknown}
 d - 2 scrolls of identify {unknown}
 f - a scroll of revelation {unknown}
 g - a scroll of immolation {unknown}
 h - a scroll of teleportation {unknown}
 m - a scroll of fear {unknown}
 n - a scroll of enchant weapon {unknown}
Potions
 j - a potion of might {unknown}
 k - a potion of curing {unknown}


   Skills:
 + Level 3.6 Fighting
 + Level 3.9 Dodging
 + Level 0.5 Stealth
 + Level 7.4 Unarmed Combat


You had 6 spell levels left.
You didn't know any spells.
Your spell library was empty.

Dungeon Overview and Level Annotations

Branches:
Dungeon (5/15)
 Temple: D:4-7

Altars:
Ru


Innate Abilities, Weirdness & Mutations

You are too large for most types of armour.
You have claws for hands.
Your natural rate of healing is unusually fast.
You are covered in fur. (AC +1)
You have tough skin. (AC +1)


Message History

The gnoll shouts!
The gnoll hits you with a +0 flail! The gnoll closely misses you.
The gnoll hits you from afar with a +0 halberd!
You completely miss the ogre. The gnoll completely misses you.
The gnoll barely misses you.
The ogre hits you with a +0 giant club!!
There are monsters nearby!
You are too injured to fight recklessly!
There are monsters nearby!
You are too injured to fight recklessly!
There are monsters nearby!
The gnoll hits you from afar with a +0 halberd.
You see here a scorpion corpse.
You claw the gnoll!
You kill the gnoll!
Trog accepts your kill. The gnoll closely misses you.
The gnoll attacks as it pursues you!
The gnoll hits you from afar with a +0 halberd!
* * * LOW HITPOINT WARNING * * *
The gnoll hits you from afar with a +0 halberd.
* * * LOW HITPOINT WARNING * * *
The gnoll attacks as it pursues you!
The gnoll hits you from afar with a +0 halberd.
* * * LOW HITPOINT WARNING * * *
The gnoll closely misses you.
The gnoll bouda gazes fiercely through you!
You feel your attacks grow feeble.
The gnoll is no longer moving quickly.
Your attacks no longer feel as feeble.
The gnoll attacks as it pursues you!
The gnoll hits you from afar with a +0 halberd!
* * * LOW HITPOINT WARNING * * *
The gnoll attacks as it pursues you! The gnoll barely misses you.
The gnoll attacks as it pursues you!
The gnoll hits you from afar with a +0 halberd!
* * * LOW HITPOINT WARNING * * *
The gnoll attacks as it pursues you!
The gnoll hits you from afar with a +0 halberd!
You die...

.....# #.# ..##.#####.##
.........#..##
##..####.##..# #...#
#...#.## #.#.##
###....########## ..#..#
###)))........# ####.#
##.#....)....# .. #.#
####5..g.@..<...#
.###.###.g...###########
.........###.#
.#####.#####.####
g.####..# .......
.#5..5..##.......


gg............... .#.g...##........ ..g....###....... You could see a gnoll
bouda, a gnoll and a shadow imp.

Vanquished Creatures
  Grinder (D:3)
  Sigmund (D:2)
  A phantom (D:5)
  A scorpion (D:5)
  An iguana (D:4)
  2 sleepcaps
  Robin (D:2)
  6 gnolls
  4 adders
  4 worms
  A dart slug (D:4)
  5 orcs
  8 ball pythons
  3 bats
  6 endoplasms
  3 giant cockroaches
  19 goblins
  10 hobgoblins
  7 jackals
  3 quokkas
  4 frilled lizards
  7 kobolds
  4 rats
102 creatures vanquished.

Notes
Turn   | Place    | Note
-------+----------+-------------------------------------------
     0 | D:1      | sircluck the Troll Berserker began the quest for the Orb.
     0 | D:1      | Reached XP level 1. HP: 22/22 MP: 0/0
   110 | D:1      | Reached XP level 2. HP: 25/29 MP: 1/1
   683 | D:2      | Reached XP level 3. HP: 21/36 MP: 2/2
   924 | D:2      | Identified the +1 helmet of Poufuu {+Inv MP+9}
   924 | D:2      | Noticed Robin
   932 | D:2      | Reached ** piety under Trog
   940 | D:2      | Killed Robin
  1015 | D:2      | Noticed Sigmund
  1032 | D:2      | Killed Sigmund
  1033 | D:2      | Reached skill level 5 in Unarmed Combat
  1033 | D:2      | Reached XP level 4. HP: 25/45 MP: 3/3
  1033 | D:2      | Reached XP level 5. HP: 29/53 MP: 4/4
  1539 | D:3      | Reached XP level 6. HP: 61/61 MP: 5/5
  1662 | D:3      | Noticed Grinder
  1672 | D:3      | Killed Grinder
  1673 | D:3      | Reached skill level 6 in Unarmed Combat
  1891 | D:3      | Reached XP level 7. HP: 62/67 MP: 6/6
  2388 | D:4      | Reached *** piety under Trog
  2430 | D:4      | Found a sacrificial altar of Ru.
  2547 | D:5      | Entered Level 5 of the Dungeon
  2679 | D:5      | Reached skill level 7 in Unarmed Combat
  2792 | D:5      | HP: 3/67 [gnoll/+0 halberd[a gnoll bouda] (10)]
  2794 | D:5      | Slain by a gnoll

Illustrated notes

Levels and vault maps discovered:
D:1:      kennysheep_arrival_seaside, layout_rooms, grunt_decor_junction,
          minivault_26, serial_park_tiny_2
D:2:      layout_loops_cross, serial_forest, infiniplex_forest_zigzag_1,
          infiniplex_forest_straight_5, infiniplex_forest_straight_3,
          infiniplex_forest_end_2, infiniplex_forest_straight_1,
          infiniplex_forest_end_2, infiniplex_forest_lined_3_way, uniq_robin,
          uniq_sigmund
D:3:      layout_rooms, kennysheep_pointless_box, kennysheep_decorative_pillar,
          minivault_19, uniq_grinder
D:4:      layout_rooms, old_standard_altar
D:5:      layout_rooms, reono_crystal_passage, st_stairs_12

Skill      XL: |  1  2  3  4  5  6  7 |
---------------+----------------------+-----
Dodging        | 3 |  3.9
Fighting       | 3 |  3.6
Unarmed Combat | 5 6 7 |  7.4
Stealth        | |  0.5

Action                     |  1- 3 |  4- 6 |  7- 9 || total
---------------------------+-------+-------+-------++-------
  Melee: Unarmed           |   206 |    67 |    64 ||   337
         Punch             |     4 |     5 |     2 ||    11
   Stab: Sleeping          |       |       |     1 ||     1
 Armour: Animal skin       |    68 |    32 |    46 ||   146
  Dodge: Dodged            |    61 |    27 |    27 ||   115

Table legend: (Time is in decaauts)
 A = Elapsed time spent in this place.
 B = Non-inter-level travel time spent in this place.
 C = Inter-level travel time spent in this place.
 D = Time resting spent in this place.
 E = Time spent auto-exploring this place.
 F = Levels seen in this place.
 G = Mean time per level.
                   A        B        C        D        E       F      G
               +--------+--------+--------+--------+--------+-----+--------+
         Total |   2765 |   2578 |    187 |     21 |   1801 |   5 |  553.0 |
       Dungeon |   2765 |   2578 |    187 |     21 |   1801 |   5 |  553.0 |
               +--------+--------+--------+--------+--------+-----+--------+

Top non-repeatable levels by time:
     D:2: 884 daAuts
     D:3: 738 daAuts
     D:1: 618 daAuts
     D:4: 378 daAuts
     D:5: 145 daAuts
